 Dungeon Crawl Stone Soup version 0.20.0 (webtiles) character file.

30 Llamajah the Shield-Bearer (level 3, 0/29 HPs)
             Began as a Formicid Fighter on July 24, 2017.
             Succumbed to an adder's poison
             ... on level 2 of the Dungeon.
             The game lasted 00:02:06 (687 turns).

Llamajah the Shield-Bearer (Formicid Fighter)        Turns: 687, Time: 00:02:06

Health: 0/29       AC:  7    Str: 21    XL:     3   Next: 37%
Magic:  3/3        EV:  8    Int:  7    God:
Gold:   46         SH:  9    Dex: 10    Spells: 2/2 levels left

rFire    . . .     SeeInvis +   a - +0 war axe
rCold    . . .     Gourm    .   c - +0 shield
rNeg     . . .     Faith    .   b - +0 scale mail
rPois    .         Spirit   .   (helmet unavailable)
rElec    .         Reflect  .   (no cloak)
rCorr    .         Harm     .   (no gloves)
MR       .....                  (no boots)
Stlth    ..........             (no amulet)
Regen    0.1/turn               (no ring)
MPRegen  0.1/turn               (no ring)

@: lethally poisoned (0 -> -10)
A: permanent stasis, dig shafts and tunnels, four strong arms, antennae 3
a: Dig, Shaft Self


You were on level 2 of the Dungeon.
You were not hungry.

You visited 1 branch of the dungeon, and saw 2 of its levels.

You collected 46 gold pieces.

Inventory:

Hand Weapons
 a - a +0 war axe (weapon)
Armour
 b - a +0 scale mail (worn)
 c - a +0 shield (worn)
Scrolls
 e - 4 scrolls of identify {unknown}
 g - 2 scrolls of remove curse {unknown}
 h - a scroll of fear {unknown}
 k - 2 scrolls of enchant armour {unknown}
 m - a scroll of enchant weapon {unknown}
 p - a scroll of recharging {unknown}
Potions
 d - a potion of might
 i - a potion of brilliance {unknown}
 n - a potion of haste {unknown}
 o - a potion of curing {unknown}
Comestibles
 f - a bread ration
 j - a meat ration
 l - a chunk of flesh


   Skills:
 + Level 3.4 Fighting
 + Level 2.2 Axes
 + Level 3.7 Armour
 + Level 0.1 Dodging
 + Level 4.3 Shields


You had 2 spell levels left.
You didn't know any spells.

Dungeon Overview and Level Annotations

Branches:
Dungeon (2/15)

Altars:


Innate Abilities, Weirdness & Mutations

You cannot be hasted, slowed, berserked, paralysed or teleported.
You can dig through walls and to a lower floor.
Your four strong arms can wield two-handed weapons with a shield.
You have a pair of large antennae on your head. (SInv)


Message History

You feel sick. The adder closely misses you. The adder bites you.
You are lethally poisoned!
The adder poisons you!
You closely miss the adder.
The adder is moderately wounded.
* * * LOW HITPOINT WARNING * * *
You feel sick. You block the adder's attack. The adder bites you.
* * * LOW HITPOINT WARNING * * *
You miss the adder.
The adder is moderately wounded.
* * * LOW HITPOINT WARNING * * *
You feel sick. You block the adder's attack. The adder bites you.
* * * LOW HITPOINT WARNING * * *
You miss the adder.
The adder is moderately wounded.
* * * LOW HITPOINT WARNING * * *
You feel sick. The adder barely misses you. You block the adder's attack.
You closely miss the adder.
The adder is moderately wounded.
You die...

...
####.############
#...............#
.##.##...###.#.##.#
................#.#
....###.####.#..#.#
##.########.##
#.#..#.#
.............#
#......#
##.S@.....#
#......##
#........#
#........
#.)......#
#........
......=....#
#..###...
####.###.[[.$..#
#..###.##
##..............#
#......#
##.<.#.##.########
##.#####
#..#...##.# ##.#
#.###..#..# #รท.#


You could see an adder.

Vanquished Creatures
  An adder (D:2)
  An ooze (D:2)
  3 goblins (D:1)
  A hobgoblin (D:1)
  4 kobolds (D:1)
  4 bats
  2 frilled lizards
  2 rats (D:1)
18 creatures vanquished.

Notes
Turn   | Place    | Note
-------+----------+-------------------------------------------
     0 | D:1      | Llamajah the Formicid Fighter began the quest for the Orb.
     0 | D:1      | Reached XP level 1. HP: 18/18 MP: 1/1
   124 | D:1      | Reached XP level 2. HP: 24/24 MP: 2/2
   141 | D:1      | Reached skill level 4 in Shields
   505 | D:2      | Reached XP level 3. HP: 16/29 MP: 3/3
   686 | D:2      | HP: 1/29 [poisoned by an adder]
   687 | D:2      | Succumbed to an adder's poison

Skill      XL: |  1  2 |
---------------+-------+-----
Shields        | 4 |  4.3
Fighting       | |  3.4
Axes           | |  2.2
Armour         | |  3.7
Dodging        | |  0.1

Action                   || total
-------------------------++-------
Melee: War axe           ||    73
Armor: Scale mail        ||    15
Dodge: Dodged            ||    26
Block: Shield            ||    52
